 Dungeon Crawl Stone Soup version 0.28-b1-1-g3c77fb2ed1 (webtiles) character file.

Game seed: 1970989039362426436

50 growler the Gusty (level 3, 0/19 HPs)
             Began as a Tengu Air Elementalist on Jan 30, 2022.
             Slain by an adder (2 damage)
             ... in a sewer.
             The game lasted 00:03:50 (1683 turns).

growler the Gusty (Tengu Air Elementalist)          Turns: 1683, Time: 00:03:50

Health: 0/19       AC:  2    Str:  8    XL:     3   Next: 79%
Magic:  1/7        EV: 12    Int: 17    God:
Gold:   55         SH:  0    Dex: 14    Spells: 1/7 levels left

rFire   . . .      SeeInvis .   (no weapon)
rCold   . . .      Faith    .   (no shield)
rNeg    . . .      Spirit   .   a - +0 robe
rPois   .          Reflect  .   (helmet restricted)
rElec   .          Harm     .   (no cloak)
rCorr   .          Rampage  .   (no gloves)
Will    .....                   (boots unavailable)
Stlth   ++........              (no amulet)
HPRegen 0.06/turn               (no ring)
MPRegen 0.10/turn               (no ring)

@: lethally poisoned (0 -> -6), very slightly contaminated
A: beak, talons 3
a: no special abilities


You were in a sewer.
You visited 1 branch of the dungeon, and saw 4 of its levels.
You also visited: Sewer.

You collected 55 gold pieces.

Inventory:

Armour
 a - a +0 robe (worn)
Jewellery
 z - a ring of see invisible
   (You found it on level 4 of the Dungeon)
Scrolls
 c - 3 scrolls of summoning {unknown}
 d - a scroll of silence {unknown}
 f - a scroll of teleportation {unknown}
 g - a scroll of amnesia {unknown}
 h - a scroll of enchant armour {unknown}
 j - a scroll of identify {unknown}
Potions
 b - a potion of attraction {unknown}
 e - a potion of cancellation {unknown}
 i - 2 potions of invisibility {unknown}
 k - 2 potions of curing {unknown}
 l - a potion of brilliance {unknown}


   Skills:
 - Level 2.1 Dodging
 - Level 2.0 Stealth
 + Level 2.6 Spellcasting
 + Level 2.9 Conjurations
 + Level 4.8 Air Magic


You had one spell level left.
You knew the following spells:

 Your Spells              Type           Power      Damage    Failure   Level
a - Shock                 Conj/Air       60%        1d6       3%          1
d - Static Discharge      Conj/Air       15%        N/A       5%          2
s - Swiftness             Air            18%        N/A       8%          3

Your spell library contained the following spells:

 Spells                   Type           Power      Damage    Failure   Level
 Sting                    Tmut/Pois      8%         1d3       19%         1
 Poisonous Vapours        Pois/Air       20%        N/A       11%         2
 Airstrike                Air            9%         N/A       26%         4
 Olgreb's Toxic Radiance  Pois           2%         N/A       88%         4


Dungeon Overview and Level Annotations

Branches:
Dungeon (4/15)              Sewer (1/1)
 Temple: D:4-7

Altars:


Innate Abilities, Weirdness & Mutations

You have a beak for a mouth.
You have claws for feet.


Message History

The zap hits the river rat.
Aim: a river rat (heavily wounded, 68% to hit)
The zap hits the river rat.
Aim: a river rat (almost dead, 68% to hit)
The zap hits the river rat.
You kill the river rat!
As you open the door, it creaks loudly!
A kobold comes into view. It is wielding a +0 dagger.
The kobold shouts!
You hear an angry hiss. x3
Found a silvery potion.
A kobold is nearby!
Aim: a kobold, wielding a +0 dagger and quivering stones (64% to hit)
The zap hits the kobold.
A ball python comes into view.
Aim: a kobold, wielding a +0 dagger and quivering stones (severely wounded, 64% to hit)
The zap hits the kobold.
You kill the kobold!
The ball python hisses angrily.
You hear an angry hiss.
An adder comes into view.
There is an open door here.
An adder comes into view.
The ball python barely misses you. The ball python grabs you.
The ball python constricts you. The ball python loses its grip on you.
There is an open door here.
You miscast Static Discharge.
You are very lightly contaminated with residual magic.
Nothing appears to happen.
The ball python is struck by an arc of lightning.
You kill the ball python!
The adder is struck by an arc of lightning.
You are struck by an arc of lightning.
The lightning grounds out.
The adder bites you.
You are poisoned.
The adder poisons you! The adder bites you.
Unknown command.
Unknown command.
You feel sick. The adder misses you.
Things that are here:
a +0 dagger; 4 stones You feel sick.
The adder bites you.
* * * LOW HITPOINT WARNING * * *
The adder barely misses you.
Aim: an adder (moderately wounded, 53% to hit)
Okay, then.
Aim: an adder (moderately wounded, 53% to hit)
The zap hits the adder.
You feel sick. The adder bites you.
* * * LOW HITPOINT WARNING * * *
You are lethally poisoned!
The adder poisons you! The adder bites you.
You die...

≈≈≈≈≈≈≈...#
≈≈≈≈≈≈≈...##
≈≈≈≈≈≈≈....#
≈≈≈≈≈≈≈....#
≈≈≈≈S≈....##
≈≈≈≈≈≈≈...#
≈#≈####†###
≈ #..S..#
#..S@.#
##...##
#.....#
#!.#..#
#######
≈≈≈≈≈≈≈
≈≈≈≈≈≈≈≈≈
###########


You could see 2 adders.

Vanquished Creatures
  2 river rats (Sewer)
  4 endoplasms
  A giant cockroach (D:3)
  4 hobgoblins
  6 kobolds
  A quokka (D:1)
  3 ball pythons
  2 bats (D:1)
  A frilled lizard (D:1)
  A goblin (D:1)
  10 rats
35 creatures vanquished.

Notes
Turn   | Place    | Note
-------+----------+-------------------------------------------
     0 | D:1      | growler the Tengu Air Elementalist began the quest for the
                  | Orb.
     0 | D:1      | Reached XP level 1. HP: 10/10 MP: 4/4
   314 | D:1      | Reached XP level 2. HP: 15/15 MP: 0/6
   317 | D:1      | Learned a level 2 spell: Static Discharge
  1114 | D:2      | You fall into a shaft and drop 2 floors!
  1292 | D:3      | Found a glowing drain.
  1316 | Sewer    | Entered a sewer
  1400 | Sewer    | Reached XP level 3. HP: 19/19 MP: 4/7
  1462 | Sewer    | Learned a level 3 spell: Swiftness
  1683 | Sewer    | Slain by an adder

Illustrated notes

Levels and vault maps discovered:
D:1:      dpeg_arrival_concentric_ovals, layout_basic
D:2:      layout_loops_cross
D:3:      layout_loops_ring, portal_sewer_entry_a, chequers_jeans
D:4:      layout_rooms, uniq_ijyb
Sewer:    sewer_minmay_treatment

Skill      XL: |  1 |
---------------+----+-----
Conjurations   | 2 |  2.9
Dodging        | |  2.1
Stealth        | |  2.0
Spellcasting   | |  2.6
Air Magic      | |  4.8

Action                   || total
-------------------------++-------
Melee: Unarmed           ||     2
       Kick              ||     1
 Cast: Shock             ||    63
       Static Discharge  ||     2
Armor: Robe              ||     1
Dodge: Dodged            ||    11
